 Dungeon Crawl Stone Soup version 0.32-a0-12-g7fc57aa741 (webtiles) character file.

Game seed: 4917094550885813431

63 tilp the Vexing (level 3, 0/26 HPs)
             Began as a Vampire Enchanter on Jan 14, 2024.
             Slain by Natasha (7 damage)
             ... on level 2 of the Dungeon.
             The game lasted 00:02:47 (1759 turns).

tilp the Vexing (Vampire Enchanter)                 Turns: 1759, Time: 00:02:48

Health: 0/26       AC:  9    Str:  7    XL:     3   Next: 87%
Magic:  1/6        EV: 13    Int: 19    God:
Gold:   81         SH:  0    Dex: 20    Spells: 1/6 levels left

rFire   . . .        a - +1 dagger (protect)
rCold   . . .        (no shield)
rNeg    . . .        b - +0 robe
rPois   .            (no helmet)
rElec   .            (no cloak)
rCorr   .            (no gloves)
SInv    +            (no boots)
Will    .....        (no amulet)
Stlth   +++          n - +6 ring of dexterity
HPRegen 0.44/turn    (no ring)
MPRegen 0.10/turn

%: no passive effects
@: under a protective aura, healing quickly
A: alive, fangs 3, see invisible, vampiric 2
a: Exsanguinate


You were on level 2 of the Dungeon.
You visited 1 branch of the dungeon, and saw 3 of its levels.

You collected 81 gold pieces.

Inventory:

Hand Weapons
 a - a +1 dagger of protection (weapon)
Missiles
 h - 16 stones (quivered)
Armour
 b - a +0 robe (worn)
Jewellery
 j - an amulet of faith
 n - a +6 ring of dexterity (left hand)
Wands
 m - a wand of charming (13)
Scrolls
 d - a scroll of blinking
Potions
 c - 2 potions of invisibility
 e - a potion of brilliance
 f - a potion of attraction
 i - a potion of cancellation
 l - a potion of resistance
 p - a potion of heal wounds


   Skills:
 * Level 1.1 Fighting
 + Level 1.5(1.9) Short Blades
 * Level 1.2(1.6) Long Blades
 + Level 2.5 Dodging
 + Level 4.7 Stealth
 + Level 2.2 Spellcasting
 * Level 5.0 Hexes
 + Level 0.6 Ice Magic
 + Level 0.0 Evocations


You had one spell level left.
You knew the following spells:

 Your Spells              Type           Power      Damage    Failure   Level
a - Ensorcelled Hibernat  Hex/Ice        24%        N/A       8%          2
b - Confusing Touch       Hex            21%        N/A       6%          3

Your spell library contained the following spells:

 Spells                   Type           Power      Damage    Failure   Level
 Tukima's Dance           Hex            21%        N/A       6%          3
 Dazzling Flash           Conj/Hex       22%        N/A       17%         3
 Static Discharge         Conj/Air       4%         3-4/arc   26%         2
 Hailstorm                Conj/Ice       3%         3d5       41%         3
 Summon Ice Beast         Ice/Summ       3%         N/A       41%         3
 Yara's Violent Unravell  Hex/Alch       5%         3d4       85%         5
 Airstrike                Air            1%         2d(1-17)  86%         4
 Passage of Golubria      Tloc           2%         N/A       86%         4
 Summon Lightning Spire   Summ/Air       2%         N/A       86%         4
 Sculpt Simulacrum        Ice/Alch       1%         N/A       100%        6


Dungeon Overview and Level Annotations

Branches:
Dungeon (3/15)

Altars:

Annotations:
D:2 Natasha


Innate Abilities, Weirdness & Mutations

Your natural rate of healing is accelerated.
You have razor-sharp teeth.
You have supernaturally acute eyesight. (SInv)
You are afflicted with vampirism and can become a bat while bloodless.


Message History

Aim: Natasha (lightly wounded, chance to affect: 46%) Natasha resists with some effort.
Natasha closely misses you. The cerulean imp misses you.
Unknown command.
Casting: Ensorcelled Hibernation (safe; 8% risk of failure)
Confirm with . or Enter, or press ? or * to list all spells.
Aiming: Ensorcelled Hibernation (safe; 8% risk of failure)
Press: ? - help, Shift-Dir - straight line, f/p - Natasha
Aim: Natasha (lightly wounded, chance to affect: 46%) Natasha resists with some effort.
Natasha barely misses you. The cerulean imp barely misses you.
Unknown command.
You hit Natasha.
Natasha is moderately wounded.
Natasha claws you.
The cerulean imp hits you from afar with a +0 spear.
* * * LOW HITPOINT WARNING * * *
You miss Natasha.
Natasha is moderately wounded.
Natasha claws you but does no damage.
You hit Natasha.
Natasha is moderately wounded.
The cerulean imp hits you but does no damage.
Natasha barely misses you.
You barely miss Natasha.
Natasha is moderately wounded.
The cerulean imp hits you but does no damage.
Natasha claws you but does no damage.
You hit Natasha.
Natasha is moderately wounded.
The cerulean imp hits you from afar with a +0 spear.
* * * LOW HITPOINT WARNING * * *
You barely miss Natasha.
Natasha is moderately wounded.
Natasha closely misses you. The cerulean imp barely misses you.
You barely miss Natasha. You punch Natasha.
Natasha is heavily wounded.
Natasha claws you!
You die...
Natasha curls up and begins to purr.

..# #.......##.....##.#.#
### ##.####.#..#.#..#.#.#
#.# #...#.#.#.....# ###
#.# #.#).#.#..#.###
..#######.# #.##.....##.#
#.#.......# #..###.###..#
..#.####### #...........#
....# ######5#########.#
~...#####......h@........#
~.........################
~...####### ....# ..#.#
###.# ###.# ....# #####


You could see Natasha and a cerulean imp (summoned).

Vanquished Creatures
  3 adders (D:2)
  A ribbon worm (D:2)
  A dart slug (D:2)
  4 bats
  An endoplasm (D:3)
  A giant cockroach (D:2)
  2 goblins (D:1)
  2 hobgoblins
  2 jackals (D:2)
  A quokka (D:1)
  6 ball pythons
  2 frilled lizards (D:2)
  2 kobolds (D:2)
  2 rats
30 creatures vanquished.

Notes
Turn   | Place    | Note
-------+----------+-------------------------------------------
     0 | D:1      | tilp the Vampire Enchanter began the quest for the Orb.
     0 | D:1      | Reached XP level 1. HP: 13/13 MP: 3/3
   155 | D:1      | Reached XP level 2. HP: 20/20 MP: 5/5
   159 | D:1      | Learned a level 2 spell: Ensorcelled Hibernation
  1053 | D:2      | Gained mutation: You are afflicted with vampirism and can
                  | become a bat while bloodless. [Vampire growth]
  1053 | D:2      | Reached XP level 3. HP: 20/25 MP: 6/6
  1057 | D:2      | Learned a level 3 spell: Confusing Touch
  1180 | D:2      | Reached skill level 1 in Fighting
  1180 | D:2      | Reached skill level 1 in Long Blades
  1180 | D:2      | Reached skill level 5 in Hexes
  1712 | D:3      | Noticed Natasha
  1759 | D:2      | Slain by Natasha

Illustrated notes

Levels and vault maps discovered:
D:1:      minmay_arrival_doors, layout_basic, serial_bayou_crossing
D:2:      layout_loops_ring, serial_park_tiny_pond, minmay_box_of_dots
D:3:      layout_loops_cross, serial_shops, shop, minmay_close_crescents,
          uniq_ijyb, uniq_crazy_yiuf_cottage, uniq_natasha

Skill      XL: |  1  2  3 |
---------------+----------+-----
Fighting       | 1 |  1.1
Long Blades    | 1 |  1.2
Hexes          | 5 |  5.0
Short Blades   | |  1.5
Dodging        | |  2.5
Stealth        | |  4.7
Spellcasting   | |  2.2
Ice Magic      | |  0.6

Action                     || total
---------------------------++-------
  Melee: Dagger            ||   120
         Bite              ||     9
         Punch             ||     2
   Cast: Ensorcelled Hiber ||    13
    Use: Scroll            ||    11
   Stab: Sleeping          ||     8
         Distracted        ||     1
 Armour: Robe              ||    79
  Dodge: Dodged            ||    94

Table legend: (Time is in decaauts)
 A = Elapsed time spent in this place.
 B = Non-inter-level travel time spent in this place.
 C = Inter-level travel time spent in this place.
 D = Time resting spent in this place.
 E = Time spent auto-exploring this place.
 F = Levels seen in this place.
 G = Mean time per level.
                   A        B        C        D        E       F      G
               +--------+--------+--------+--------+--------+-----+--------+
         Total |   1760 |   1701 |     59 |    219 |   1146 |   3 |  586.7 |
       Dungeon |   1760 |   1701 |     59 |    219 |   1146 |   3 |  586.7 |
               +--------+--------+--------+--------+--------+-----+--------+

Top non-repeatable levels by time:
     D:2: 932 daAuts
     D:1: 782 daAuts
     D:3: 46 daAuts
